Zazza, neutral female human Tourist ----- --------- |...| #-.......| -------------- #....| #|.......| |........(....###@|...-# # #|.......| |............| # #-----# ------------ #|........### ----- |.............## # # |..........| #--------- # |...| -------------- # # #-..........| ## ##+..>| # # # # #|..........-############ |...| # # # #---------+-- # ----- # # # ### ##### # # # # # # # ##################`####### ### # # # # ###-----# # # ----.--------# #|..<|########## ## # |...........|# |....# ---.-----+--# ---- |...........|# |...| |...........# |..| |...........|# ----- |..........| |..| |............# |..........| ---- ------------- ------------ Zazza the Rambler Experience level: 1 Strength: 10 Dexterity: 12 Constitution: 15 Intelligence: 12 Wisdom: 8 Charisma: 18 Health: 0(10) Energy: 2(2) Def: 1 Gold: 1295 Moves: 2295 Dungeon seed: Kap8ck4Z5b_UrIj2 Game ID: Zazza_1619102071 Your Inventory: Coins $ - 1295 gold pieces Amulets v - a cursed amulet of change Weapons a - 37 +2 darts (in quiver) m - 3 +0 orcish daggers Y - a blessed +0 elven dagger (weapon in hand) Armor e - an uncursed +0 Hawaiian shirt (being worn) q - an uncursed +0 elven cloak (being worn) y - an uncursed +0 orcish helm E - an uncursed +0 dunce cap Comestibles b - 2 uncursed eggs c - 4 uncursed food rations f - 2 uncursed apples o - 2 uncursed eggs B - an uncursed tripe ration U - 2 uncursed eggs Scrolls j - an uncursed scroll of magic mapping s - 2 uncursed scrolls of light w - an uncursed scroll of identify A - an uncursed scroll of blank paper M - an uncursed scroll of fire Q - an uncursed scroll of identify Potions i - 3 uncursed potions of extra healing r - an uncursed potion of gain ability D - an uncursed potion of fruit juice F - an uncursed potion of sleeping H - an uncursed potion of booze P - a blessed potion of sleeping R - a blessed potion of object detection W - an uncursed potion of levitation Rings n - an uncursed ring of sustain ability (on left hand) O - a cursed ring of hunger Wands G - a wand of slow monster (0:6) Tools k - an expensive camera (0:87) l - an uncursed credit card t - an uncursed towel C - an uncursed magic lamp J - an uncursed blindfold Gems N - an uncursed worthless piece of violet glass Spells and supernatural/magical abilities: Name Level Category Fail Memory W - pray for help -- divine ? -- Your skills at the end: Fighting Skills Weapon Skills dart [Basic] Spellcasting Skills Final Attributes: You were nominally aligned. You were stealthy. You had fixed abilities. You are dead. Vanquished creatures: a small mimic a shrieker a little dog an acid blob 2 coyotes a hobbit 2 giant rats a brown mold a green mold a red mold 2 geckos 2 jackals 4 goblins 5 sewer rats 10 grid bugs 5 lichens 9 newts 49 creatures vanquished. Voluntary challenges: You were an atheist. You used a wielded weapon 2 times, starting on turn 1095. You read items or engraved 3 times, starting on turn 726. You never genocided any monsters. You never polymorphed an object. You never changed form. You used no wishes. You never split a pudding. You never wrote Elbereth's name. You never violated your personal moral code. Dungeon overview: The Dungeons of Doom: levels 1 to 5 Level 1 some fountains a long staircase Level 2 a fountain stairs to The Gnomish Mines Level 3 some fountains Level 4 a general store Level 5 <- You were here The Gnomish Mines: Level 3 stairs to The Dungeons of Doom History has recorded: On T:1 you entered the Dungeons of Doom to retrieve the Amulet of Yendor! On T:460 you reached level 2 of The Dungeons of Doom. On T:874 you reached level 1 of The Gnomish Mines. On T:902 you reached level 3 of The Dungeons of Doom. On T:1527 you reached level 4 of The Dungeons of Doom. On T:2163 you reached level 5 of The Dungeons of Doom. Score breakdown: Gold: 608 ( 9472 points) Experience: 1 level ( 0 points) Exploration: 5 levels ( 10.00%) ( 8571 points) Discoveries: 6 items ( 2.01%) ( 4256 points) Valuables value: (no points given unless you survive) Artifact value: 0 ( 0 points) Variety of kills: 17 monsters ( 4.46%) ( 6336 points) Turncount: 2295 turns ( -204 points) Survival: died (score multiplied by 80%) Total score: 22744 Latest messages: The door opens. The door resists! (2x) The door opens. You displace Armand. With great effort you move the boulder. You hear a monster behind the boulder. Perhaps that's why you cannot move it. You hear a monster behind the boulder. Perhaps that's why you cannot move it. The little dog devours a tripe ration. You displace your little dog. With great effort you move the boulder. You displace your little dog. You hear a nearby zap. The wand hits the little dog! The little dog is killed! The wand hits you! You die... Final status: Aloha Zazza the Tourist, killed by a wand... You died in The Dungeons of Doom on dungeon level 5 with 22744 points, and 1295 pieces of gold, after 2295 moves. You were level 1 with a maximum of 10 hit points when you died.